 Dungeon Crawl Stone Soup version 0.22-a0-608-g8a62e23 (webtiles) character file.

1602 Hebeh the Thaumaturge (level 8, 0/46 HPs)
             Began as a Deep Elf Fire Elementalist on July 9, 2018.
             Was a Follower of Vehumet.
             Splashed by an oklob plant's acid (14 damage)
             ... on level 6 of the Dungeon.
             The game lasted 00:40:09 (6946 turns).

Hebeh the Thaumaturge (Deep Elf Fire Elementalist)  Turns: 6946, Time: 00:40:09

Health: 0/46       AC:  1    Str:  7    XL:     8   Next: 62%
Magic:  17/22      EV: 13    Int: 21    God:    Vehumet [*.....]
Gold:   362        SH:  0    Dex: 15    Spells: 14/23 levels left

rFire    . . .     SeeInvis .   b - +0 hunting sling
rCold    + . .     Gourm    .   (no shield)
rNeg     . . .     Faith    .   B - +2 robe {Archmagi}
rPois    .         Spirit   .   (no helmet)
rElec    .         Reflect  .   y - scarf {repulsion}
rCorr    .         Harm     .   (no gloves)
MR       .....                  l - +0 pair of boots
Stlth    ++........             g - amulet of magic regeneration
HPRegen  0.15/turn              A - ring of protection from cold
MPRegen  0.43/turn              (no ring)

@: corroded, repel missiles
A: no striking features
a: Renounce Religion


You were on level 6 of the Dungeon.
You worshipped Vehumet.
Vehumet was aware of your devotion.
You were hungry.

You visited 2 branches of the dungeon, and saw 7 of its levels.

You collected 362 gold pieces.

Inventory:

Hand Weapons
 a - the +3 dagger of Ruopnav {freeze, rElec}
   (You found it on level 5 of the Dungeon)

   It has been specially enchanted to freeze those struck by it, causing extra
   injury to most foes and up to half again as much damage against particularly
   susceptible opponents.
   It can also slow down cold-blooded creatures.
   It insulates you from electricity.
 b - a +0 hunting sling (weapon)
 o - a +0 spear
 J - a +1 long sword of holy wrath
Missiles
 e - 242 stones
 p - 12 sling bullets (quivered)
 K - 3 javelins
 L - a throwing net
 N - 8 tomahawks of returning
Armour
 l - a +0 pair of boots (worn)
 q - a +2 cloak
 y - a scarf of repulsion (worn)
 B - a +2 robe of the Archmagi (worn)
 C - a +0 cloak of magic resistance
Jewellery
 g - an amulet of magic regeneration (around neck)
 A - a ring of protection from cold (left hand)
Wands
 x - a wand of digging (8)
 G - a wand of polymorph (6)
Scrolls
 f - 2 scrolls of enchant weapon {unknown}
 h - 2 scrolls of identify
 s - 2 scrolls of enchant armour
 w - 3 scrolls of remove curse
 z - 2 scrolls of fog {unknown}
 D - 2 scrolls of teleportation {unknown}
 E - a scroll of fear {unknown}
 F - a scroll of immolation {unknown}
Potions
 d - 3 potions of might {unknown}
 i - 2 potions of flight
 j - a potion of haste {unknown}
 k - 2 potions of ambrosia {unknown}
 m - 2 potions of degeneration {unknown}
 n - a potion of agility {unknown}
 r - 2 potions of lignification {unknown}
 t - 3 potions of heal wounds {unknown}
 u - a potion of brilliance {unknown}
 v - 2 potions of invisibility
 H - a potion of magic {unknown}
 M - a potion of curing {unknown}
Comestibles
 c - 8 rations


   Skills:
 + Level 3.1 Fighting
 - Level 2.4 Dodging
 - Level 2.4 Stealth
 * Level 8.3 Spellcasting
 * Level 6.3 Conjurations
 * Level 7.2 Fire Magic


You had 14 spell levels left.
You knew the following spells:

 Your Spells              Type           Power        Failure   Level  Hunger
a - Flame Tongue          Conj/Fire      #####        1%          1    None
b - Throw Flame           Conj/Fire      ######       1%          2    None
c - Conjure Flame         Conj/Fire      ######..     1%          3    None
d - Inner Flame           Hex/Fire       #####...     5%          3    None

Your spell library contained the following spells:

 Spells                   Type           Power        Failure   Level  Hunger
 Fireball                 Conj/Fire      ######....   13%         5    #####..
 Apportation              Tloc           ##....       8%          1    None
 Summon Small Mammal      Summ           ##..         8%          1    None
 Animate Skeleton         Necr           N/A          8%          1    None
 Sticky Flame             Conj/Fire      ######..     4%          4    ###....
 Confusing Touch          Hex            ##....       8%          1    None


Dungeon Overview and Level Annotations

Branches:
Dungeon (6/15)             Temple (1/1) D:4

Altars:
Ashenzari
Dithmenos
Fedhas
Gozag
Okawaru
Qazlal
Ru
Trog
Uskayaw
Vehumet
Yredelemnul
The Shining One

Annotations:
D:6 exclusion: oklob plant


Message History

Confirm with . or Enter, or press ? or * to list all spells.
Aiming: Flame Tongue (safe; 1% risk of failure)
Press: ? - help, Shift-Dir - straight line, f/p - oklob plant
Aim: an oklob plant (heavily damaged)
You feel a surge of power!
The flame tongue hits the oklob plant.
The oklob plant appears unharmed.
The oklob plant is heavily damaged.
The bullfrog hits something but does no damage.
The bullfrog hits something.
Casting: Flame Tongue (safe; 1% risk of failure)
Confirm with . or Enter, or press ? or * to list all spells.
Aiming: Flame Tongue (safe; 1% risk of failure)
Press: ? - help, Shift-Dir - straight line, f/p - oklob plant
Aim: an oklob plant (heavily damaged)
You feel a surge of power!
The flame tongue hits the oklob plant.
The oklob plant appears unharmed.
The oklob plant is heavily damaged.
The oklob plant spits acid at you. The splash of acid hits you!
You are splashed with acid!
The acid burns!
You die...

#.# # ##...
##.##.# '...
.... #...
#########.#
..P
#..#......####
PF
#.....))......
#P
#.##.###....).
#.####....#
#...)).
#.@..)...##
#......
#........#
#......
#........#
#......
#$.(.....#
#......
#........#
#......
###.!..###
#...... +....#
#...... #....#
##..... #....#
#.....


You could see an oklob plant and a bullfrog.

Vanquished Creatures
  Eustachio (D:3)
  Duvessa (D:6)
  An orc warrior (D:6)
  An ice beast (D:5)
  A necrophage (D:5)
  2 ogres
  2 bullfrogs (D:6)
  Dowan (D:6)
  A water moccasin skeleton (D:4)
  2 scorpions
  A howler monkey (D:4)
  2 crimson imps (D:5)
  3 bullfrog skeletons
  2 orc wizards
  An orc priest (D:4)
  Crazy Yiuf (D:4)
  An iguana (D:4)
  3 worker ants
  4 adders
  3 shadow imps (D:5)
  3 oozes (D:1)
  An adder zombie (D:5)
  4 worms
  4 leopard geckos
  17 orcs
  5 giant cockroaches
  10 goblins
  7 hobgoblins
  6 jackals
  6 quokkas
  A ball python (D:1)
  9 bats
  7 frilled lizards
  6 kobolds
  A quokka skeleton (D:4)
  8 rats
129 creatures vanquished.

Notes
Turn   | Place    | Note
-------+----------+-------------------------------------------
     0 | D:1      | Hebeh the Deep Elf Fire Elementalist began the quest for the Orb.
     0 | D:1      | Reached XP level 1. HP: 10/10 MP: 6/6
    92 | D:1      | Reached XP level 2. HP: 14/15 MP: 4/8
   549 | D:1      | Reached XP level 3. HP: 20/20 MP: 8/10
  1307 | D:2      | Reached skill level 4 in Spellcasting
  1334 | D:2      | Found a blossoming altar of Fedhas.
  1535 | D:2      | Found a shadowy altar of Dithmenos.
  1700 | D:2      | Reached XP level 4. HP: 24/24 MP: 10/12
  2135 | D:3      | Reached skill level 1 in Fighting
  2421 | D:3      | Found a glowing drain.
  2937 | D:3      | Learned a level 2 spell: Throw Flame
  2941 | D:3      | Learned a level 3 spell: Conjure Flame
  2945 | D:3      | Learned a level 3 spell: Inner Flame
  3016 | D:4      | Reached XP level 5. HP: 29/29 MP: 10/14
  3053 | D:4      | Reached skill level 5 in Spellcasting
  3142 | D:4      | Found a runed door.
  3256 | D:4      | Found a bloodstained altar of Trog.
  3361 | D:4      | Noticed an ogre
  3369 | D:4      | Killed an ogre
  3369 | D:4      | Reached skill level 5 in Fire Magic
  3369 | D:4      | Reached XP level 6. HP: 34/34 MP: 7/16
  3444 | D:4      | Found a staircase to the Ecumenical Temple.
  3499 | D:4      | Noticed Eustachio
  3521 | D:3      | Killed Eustachio
  3521 | D:3      | Reached skill level 6 in Spellcasting
  3521 | D:3      | Reached XP level 7. HP: 14/40 MP: 9/18
  4312 | Temple   | Entered the Ecumenical Temple
  4362 | Temple   | Became a worshipper of Vehumet
  4492 | D:4      | Noticed Crazy Yiuf
  4494 | D:4      | Killed Crazy Yiuf
  4546 | D:5      | Entered Level 5 of the Dungeon
  4589 | D:5      | Reached skill level 5 in Conjurations
  5047 | D:5      | Reached skill level 7 in Spellcasting
  5308 | D:5      | Found an iron altar of Okawaru.
  5385 | D:5      | Found a sacrificial altar of Ru.
  5391 | D:5      | Found a hide-covered altar of Uskayaw.
  5495 | D:5      | Reached XP level 8. HP: 45/45 MP: 16/20
  5735 | D:5      | Found an opulent altar of Gozag.
  5735 | D:5      | Found a glowing golden altar of the Shining One.
  5809 | D:5      | Got an encrusted dagger
  5810 | D:5      | Identified the +3 dagger of Ruopnav {freeze, rElec} (You found it on level 5 of the Dungeon)
  5880 | D:6      | Noticed Duvessa
  5881 | D:6      | Noticed Dowan
  5894 | D:6      | Killed Duvessa
  5901 | D:6      | Killed Dowan
  6266 | D:6      | Reached skill level 8 in Spellcasting
  6523 | D:6      | Reached * piety under Vehumet
  6523 | D:6      | Offered knowledge of Sting by Vehumet.
  6657 | D:6      | Noticed an oklob plant
  6938 | D:6      | Found a shattered altar of Ashenzari.
  6946 | D:6      | Splashed by an oklob plant's acid

Vault maps used:
D:1:      onia_arrival_handbag, hangedman_decor_diamond_cutter, st_stairs_7,
          minmay_misc_feat_encased
D:2:      lemuel_crystal_altar, overflow_temple_1_default, minmay_pentomino_q4
D:3:      cheibrodos_sewer_entry_bend, first_ration
D:4:      temple_doors_cd, trog_butcher_becter, uniq_eustachio,
          uniq_crazy_yiuf_cottage
D:5:      kennysheep_okawaru_gauntlet, nicolae_overflow_hidden_temple,
          kennysheep_opposing_triangles
D:6:      kiku_gazebo_pond_becter, lemuel_oklob_altar, uniq_blork_the_orc,
          uniq_grinder, uniq_duvessa
Temple:   nicolae_temple_figure_eight

Skill      XL: |  1  2  3  4  5  6  7  8 |
---------------+-------------------------+-----
Conjurations   | 2 3 4 5 6 |  6.3
Spellcasting   | 4 5 6 7 8 |  8.3
Fire Magic     | 4 5 6 7 |  7.2
Fighting       | 1 2 3 |  3.1
Dodging        | |  2.4
Stealth        | |  2.4

Action                   |  1- 3 |  4- 6 |  7- 9 || total
-------------------------+-------+-------+-------++-------
Melee: Spear             |       |       |    68 ||    68
       Long sword        |       |       |    18 ||    18
       Hunting sling     |       |       |     4 ||     4
 Fire: Hunting sling     |    21 |    53 |    62 ||   136
Throw: Stone             |    11 |       |       ||    11
 Cast: Flame Tongue      |    62 |    71 |   126 ||   259
       Throw Flame       |       |     4 |    25 ||    29
       Conjure Flame     |       |     1 |       ||     1
       Inner Flame       |       |       |     2 ||     2
  Use: Scroll            |       |     5 |     1 ||     6
  Eat: Chunk             |     2 |     3 |     6 ||    11
       Ration            |       |     1 |     1 ||     2
Armor: Robe              |     3 |     2 |    46 ||    51
Dodge: Dodged            |    16 |    22 |   114 ||   152
       Deflected         |       |     1 |       ||     1
       Rpst.: Long sword |       |       |     6 ||     6

Table legend:
 A = Spawn XP
 B = Non-spawn XP
 C = Spawn XP percentage of total XP
 D = Spawn monster count
 E = Non-spawn monster count
 F = Spawn count percentage of total count
 G = Total turns spent on level
                    A         B        C        D         E        F      G
               +---------+---------+-------+---------+---------+-------+---------
         Total |       0 |    2289 |   0.0 |       0 |     129 |   0.0 |  6946
               +---------+---------+-------+---------+---------+-------+---------
           D:1 |       0 |      59 |   0.0 |       0 |      30 |   0.0 |  1218
           D:2 |       0 |      43 |   0.0 |       0 |      16 |   0.0 |   692
           D:3 |       0 |     268 |   0.0 |       0 |      21 |   0.0 |  1364
           D:4 |       0 |     574 |   0.0 |       0 |      22 |   0.0 |  1421
           D:5 |       0 |     606 |   0.0 |       0 |      17 |   0.0 |  1092
           D:6 |       0 |     739 |   0.0 |       0 |      23 |   0.0 |  1094
               +---------+---------+-------+---------+---------+-------+---------
